 Dungeon Crawl Stone Soup version 0.28-a0-565-g7719699fd9 (webtiles) character file.

Game seed: 4269894358184175127

8008 corpus the Spear-Bearer (level 11, -11/94 HPs)
             Began as a Minotaur Berserker on Oct 1, 2021.
             Was a High Priest of Trog.
             Killed by divine providence
             ... invoked by a meliai
              (12 damage)
             ... on level 9 of the Dungeon.
             The game lasted 00:29:31 (8828 turns).

corpus the Spear-Bearer (Minotaur Berserker)        Turns: 8828, Time: 00:29:32

Health: -11/94     AC: 18    Str: 24    XL:     11   Next: 4%
Magic:  10/10      EV:  9    Int:  4    God:    Trog [*****.]
Gold:   310        SH:  0    Dex: 11    Spells: 10/10 levels left

rFire   . . .      SeeInvis .   y - +2 glaive
rCold   . . .      Faith    .   (shield currently unavailable)
rNeg    . . .      Spirit   .   b - +0 plate armour
rPois   .          Reflect  .   (helmet restricted)
rElec   .          Harm     .   (no cloak)
rCorr   .          Rampage  .   c - +2 pair of gloves
Will    .....                   (no boots)
Stlth   ..........              p - amulet of regeneration
HPRegen 1.25/turn               (no ring)
MPRegen 0.12/turn               (no ring)

@: lethally poisoned (-11 -> -16), about to teleport
A: horns 2, retaliatory headbutt
a: Renounce Religion, Berserk, Trog's Hand, Brothers in Arms


You were on level 9 of the Dungeon.
You worshipped Trog.
Trog was extremely pleased with you.
You visited 2 branches of the dungeon, and saw 10 of its levels.
You also visited: Ossuary.

You collected 482 gold pieces.
You spent 172 gold pieces at shops.

Inventory:

Hand Weapons
 a - a +4 spear of venom
 y - a +2 glaive (weapon)
Armour
 b - a +0 plate armour (worn)
 c - a +2 pair of gloves (worn)
 i - a +1 buckler of cold resistance
Jewellery
 p - an amulet of regeneration (around neck)
 z - a ring of fire
Wands
 j - a wand of iceblast (9)
 k - a wand of flame (24)
 m - a wand of digging (6)
 w - a wand of mindburst (10)
Scrolls
 f - 8 scrolls of identify
 g - 5 scrolls of teleportation
 q - a scroll of vulnerability
 s - a scroll of fog
 u - 2 scrolls of fear
Potions
 d - 7 potions of curing
 e - a potion of ambrosia
 h - 3 potions of brilliance
 l - 2 potions of lignification
 n - a potion of attraction
 o - 2 potions of heal wounds
 r - a potion of magic
 t - a potion of cancellation {unknown}
 v - 3 potions of might
 x - a potion of flight {unknown}


   Skills:
 - Level 8.2 Fighting
 - Level 12.0 Polearms
 + Level 11.4 Armour
 + Level 6.0 Dodging
 - Level 8.4 Shields


You had 10 spell levels left.
You didn't know any spells.
Your spell library was empty.

Dungeon Overview and Level Annotations

Branches:
Dungeon (9/15)             Temple (1/1) D:6            Lair (0/6) D:8
Ossuary (visited)
    Orc: D:9-12

Altars:
Ashenzari
Dithmenos
Elyvilon
Fedhas
Gozag
Kikubaaqudgha
Makhleb
Nemelex Xobeh
Okawaru
Qazlal
Ru
Sif Muna
Trog
Uskayaw
Vehumet
Wu Jian
Xom
Zin
The Shining One

Shops:
D:3 [=*   D:9 [

Annotations:
D:9 3 runed translucent doors, HAL9000's ghost, journeyman VSBr; anet's ghost, novice HOCj


Innate Abilities, Weirdness & Mutations

You have a pair of horns on your head.
You reflexively headbutt those who attack you in melee.


Message History

The meliai hits you but does no damage.
The meliai stings you but does no damage.
A wight comes into view. It is wielding a +0 long sword.
The meliai hits you with a +0 war axe. The meliai stings you!
You are more poisoned.
The meliai poisons you! The meliai hits you but does no damage.
The meliai stings you.
The meliai hits you with a +0 broad axe.
The meliai stings you but does no damage.
You fail to use your ability.
You feel extremely sick. The meliai hits you but does no damage.
The meliai stings you but does no damage.
The meliai closely misses you. The meliai stings you.
The meliai hits you with a +0 broad axe.
The meliai barely misses you. x2; The meliai closely misses you.
The meliai hits you with a +0 war axe. The meliai completely misses you.
The meliai hits you but does no damage.
The meliai stings you but does no damage.
As you read the scroll of teleportation, it crumbles to dust.
You feel strangely unstable.
You feel very sick. The meliai hits you with a +0 war axe.
* * * LOW HITPOINT WARNING * * *
The meliai barely misses you. The meliai hits you with a +0 hand axe.
* * * LOW HITPOINT WARNING * * *
The meliai stings you.
* * * LOW HITPOINT WARNING * * *
The meliai calls down the wrath of its god upon you.
Something smites you!
* * * LOW HITPOINT WARNING * * *
The meliai completely misses you.
The meliai stings you but does no damage.
The meliai closely misses you. x3
The meliai stings you but does no damage.
* * * LOW HITPOINT WARNING * * *
You feel very sick.
The meliai calls down the wrath of its god upon you.
Something smites you!
You die...

#......# #...# #......#
#...# # #......# #...#
#### #......# #...# ...#
#......# #...####
)..###......###......####
)........................
######..................#
# ####.......@.y.....# #
#........yy.z...# #
#..........z....# #
#...[...........# #
#............z... #
...............z. #
.....#######..... ' ....
..... #


You could see 3 meliai and 4 wights.

Vanquished Creatures
  Pikel (D:5)
  An ugly thing (D:9)
  Joseph (D:7)
  A troll (D:9)
  Grinder (D:5)
  A hornet (D:5)
  A wraith (D:9)
  A wyvern (D:9)
  5 yaks (D:8)
  A steam dragon (D:9)
  Grum (D:9)
  2 water moccasins
  Duvessa (D:7)
  3 black bears (D:6)
  3 orc warriors
  3 sky beasts
  A hornet zombie (D:8)
  2 wolves (D:9)
  6 ogres
  A lemure (D:5)
  2 phantoms
  3 centaurs
  Blork the orc (D:5)
  A bullfrog (D:9)
  2 scorpions (D:5)
  Dowan (D:7)
  A wyvern zombie (D:7)
  7 killer bees (D:8)
  A howler monkey (D:9)
  2 centaur zombies
  A jelly (D:6)
  5 orc priests
  4 hounds
  A centaur skeleton (D:7)
  Terence (D:2)
  Jessica (D:2)
  2 iguanas
  13 orc wizards
  A scorpion zombie (D:5)
  A hound skeleton (D:4)
  2 howler monkey zombies
  8 adders
  2 howler monkey skeletons
  A white imp (D:7)
  2 ufetubi
  An adder zombie (D:4)
  A worm (D:3)
  4 dart slugs
  40 orcs
  9 endoplasms
  7 giant cockroaches
  2 gnoll zombies (Ossuary)
  8 goblins
  7 hobgoblins
  3 quokkas
  4 ball pythons
  7 bats
  11 frilled lizards
  4 gnoll skeletons (Ossuary)
  3 goblin skeletons (Ossuary)
  A goblin zombie (Ossuary)
  4 hobgoblin skeletons (Ossuary)
  3 hobgoblin zombies (Ossuary)
  A jackal zombie (D:7)
  7 kobolds
  5 kobold skeletons (Ossuary)
  5 kobold zombies
  6 orc skeletons (Ossuary)
  9 orc zombies
  4 rats
  2 rat skeletons (Ossuary)
  7 rat zombies (Ossuary)
268 creatures vanquished.

Vanquished Creatures (collateral kills)
  A cyclops (D:9)
  A vampire (D:9)
  Menkaure (Ossuary)
  2 wolves (D:9)
  3 mummies (Ossuary)
  A kobold skeleton (Ossuary)
9 creatures vanquished.

Vanquished Creatures (others)
  6 plants (D:4)
  6 withered plants (D:9)
12 creatures vanquished.

Grand Total: 289 creatures vanquished

Notes
Turn   | Place    | Note
-------+----------+-------------------------------------------
     0 | D:1      | corpus the Minotaur Berserker began the quest for the Orb.
     0 | D:1      | Reached XP level 1. HP: 19/19 MP: 0/0
    44 | D:1      | Reached skill level 4 in Polearms
   274 | D:1      | Found a faded altar of an unknown god.
   291 | D:1      | Reached XP level 2. HP: 27/27 MP: 1/1
   874 | D:2      | Reached XP level 3. HP: 27/33 MP: 2/2
   953 | D:2      | Noticed Terence
   958 | D:2      | Killed Terence
   959 | D:2      | Reached skill level 5 in Polearms
  1106 | D:2      | Reached ** piety under Trog
  1153 | D:2      | Reached XP level 4. HP: 41/41 MP: 3/3
  1701 | D:2      | Noticed Jessica
  1718 | D:2      | Killed Jessica
  1832 | D:2      | Reached skill level 6 in Polearms
  1862 | D:2      | Reached XP level 5. HP: 47/47 MP: 4/4
  2119 | D:3      | Reached skill level 5 in Fighting
  2287 | D:3      | Found a stormy altar of Qazlal.
  2310 | D:3      | Found a white marble altar of Elyvilon.
  2316 | D:3      | Found a sparkling altar of Nemelex Xobeh.
  2360 | D:3      | Found Ufoggoz's Jewellery Boutique.
  2386 | D:3      | Found Geaschim's Antique Armour Emporium.
  2576 | D:3      | Reached *** piety under Trog
  2669 | D:3      | Found Cehoza's Assorted Antiques.
  2851 | D:4      | Noticed an ogre
  2857 | D:4      | Killed an ogre
  2858 | D:4      | Reached skill level 7 in Polearms
  2858 | D:4      | Reached XP level 6. HP: 31/56 MP: 5/5
  3435 | D:4      | Reached skill level 8 in Polearms
  3577 | D:4      | Reached XP level 7. HP: 63/63 MP: 6/6
  3672 | D:5      | Entered Level 5 of the Dungeon
  3674 | D:5      | Noticed Blork the orc
  3687 | D:5      | Killed Blork the orc
  3794 | D:5      | Noticed Pikel
  3807 | D:5      | Killed Pikel
  3808 | D:5      | Reached skill level 9 in Polearms
  3808 | D:5      | Reached XP level 8. HP: 71/71 MP: 7/7
  3946 | D:5      | Reached skill level 5 in Armour
  4019 | D:5      | Noticed Grinder
  4028 | D:5      | Killed Grinder
  4029 | D:5      | Reached skill level 10 in Polearms
  4081 | D:5      | Noticed a hornet
  4083 | D:5      | Paralysed by a hornet for 3 turns
  4090 | D:5      | Killed a hornet
  4228 | D:5      | Reached skill level 11 in Polearms
  4547 | D:3      | Bought a shiny buckler for 172 gold pieces
  4787 | D:5      | Reached **** piety under Trog
  5214 | D:6      | Reached XP level 9. HP: 78/78 MP: 8/8
  5315 | D:6      | Reached skill level 12 in Polearms
  5344 | D:6      | Reached skill level 1 in Shields
  5605 | D:6      | Found a staircase to the Ecumenical Temple.
  5903 | D:6      | Identified the +1 robe of Qyujoank {rF+}
  6083 | Temple   | Entered the Ecumenical Temple
  6322 | D:7      | Noticed Joseph
  6333 | D:7      | Killed Joseph
  6608 | D:7      | Found a sand-covered staircase.
  6617 | D:7      | Noticed Duvessa
  6618 | D:7      | Noticed Dowan
  6621 | Ossuary  | Entered an ossuary
  6752 | Ossuary  | Reached ***** piety under Trog
  6936 | Ossuary  | Noticed Menkaure
  6947 | Ossuary  | Killed Menkaure
  7038 | D:7      | Killed Duvessa
  7046 | D:7      | Killed Dowan
  7245 | D:8      | Reached XP level 10. HP: 88/88 MP: 9/9
  7252 | D:8      | Reached skill level 5 in Dodging
  7463 | D:8      | Identified the +7 quarterstaff of Wu Jian's Hatred {vorpal,
                  | rF+ rN+ Str+3}
  7474 | D:8      | Found a staircase to the Lair.
  7490 | D:8      | Reached skill level 5 in Shields
  7969 | D:8      | Identified the +5 short sword of Uday {holy, Will- Str+3}
  8093 | D:9      | Found a runed translucent gate.
  8093 | D:9      | Found a runed translucent gate.
  8109 | D:9      | Found a runed translucent gate.
  8109 | D:9      | Noticed HAL9000's ghost (journeyman VSBr)
  8109 | D:9      | Noticed anet's ghost (novice HOCj)
  8118 | D:9      | Found Doimudo's Antique Armour Boutique.
  8196 | D:9      | Noticed Grum
  8207 | D:9      | Reached skill level 10 in Armour
  8213 | D:9      | Killed Grum
  8368 | D:9      | Noticed a cyclops
  8386 | D:9      | Killed a cyclops
  8386 | D:9      | Received a gift from Trog
  8437 | D:9      | Noticed a brown ugly thing
  8447 | D:9      | Killed a brown ugly thing
  8627 | D:9      | Reached XP level 11. HP: 81/94 MP: 10/10
  8827 | D:9      | HP: 3/94 [meliai/divine providence (17)]
  8828 | D:9      | HP: 1/94 [poisoned by a meliai]
  8828 | D:9      | Killed from afar by a meliai

Illustrated notes

Levels and vault maps discovered:
D:1:      minmay_arrival_stone_box, layout_basic,
          hellmonk_ecumenical_altar_slurped_away, minmay_splitting_lines
D:2:      layout_basic, uniq_terence, uniq_jessica
D:3:      layout_basic, gammafunk_temple_overflow_forgotten, serial_shops, shop,
          shop, shop_statue, wad_orctagon
D:4:      minmay_clustersquares, layout_cave_pools, minmay_lizard_king
D:5:      layout_basic, uniq_pikel, uniq_blork_the_orc, uniq_grinder
D:6:      layout_loops_ring, temple_statues
D:7:      layout_rooms, enter_ossuary_3, uniq_duvessa, uniq_joseph
D:8:      layout_basic, lair_entry_dummy, supply_closet_lemuel
D:9:      hangedman_cross_stitches, layout_irregular_city,
          grunt_temple_overflow_diamond, erik_orc_1, serial_shops,
          nicolae_shop_stone, gammafunk_ghost_cemetery, uniq_grum
Temple:   nicolae_temple_elliptical

Skill      XL: |  1  2  3  4  5  6  7  8  9 10 11 |
---------------+----------------------------------+-----
Polearms       | 4 5 6 7 8 9 11 12 | 12.0
Fighting       | 4 5 6 8 |  8.2
Armour         | 4 6 8 11 | 11.4
Shields        | 4 8 |  8.4
Dodging        | 4 5 6 |  6.0

Action                   |  1- 3 |  4- 6 |  7- 9 | 10-12 || total
-------------------------+-------+-------+-------+-------++-------
Melee: Spear             |    65 |   159 |   317 |   138 ||   679
       Headbutt          |     6 |    18 |    63 |    28 ||   115
       Glaive            |       |       |       |    55 ||    55
Invok: Berserk           |     1 |     4 |     7 |     5 ||    17
       Brothers in Arms  |       |       |     1 |     3 ||     4
  Use: Scroll            |       |     9 |    10 |     1 ||    20
 Stab: Sleeping          |     1 |     1 |       |       ||     2
Armor: Animal skin       |     6 |     2 |       |       ||     8
       Chain mail        |       |    34 |    46 |       ||    80
       Plate armour      |       |       |    21 |    72 ||    93
Dodge: Dodged            |    19 |    39 |    46 |    41 ||   145
Block: Buckler           |       |       |    15 |    15 ||    30

Table legend: (Time is in decaauts)
 A = Elapsed time spent in this place.
 B = Non-inter-level travel time spent in this place.
 C = Inter-level travel time spent in this place.
 D = Time resting spent in this place.
 E = Time spent auto-exploring this place.
 F = Levels seen in this place.
 G = Mean time per level.
                   A        B        C        D        E       F      G
               +--------+--------+--------+--------+--------+-----+--------+
         Total |   8753 |   8217 |    536 |   1070 |   5653 |  11 |  795.7 |
       Dungeon |   8252 |   7733 |    519 |   1070 |   5345 |   9 |  916.9 |
        Temple |    143 |    126 |     17 |      0 |    111 |   1 |  143.0 |
       Ossuary |    356 |    356 |      0 |      0 |    197 |   1 |  356.0 |
               +--------+--------+--------+--------+--------+-----+--------+

Top non-repeatable levels by time:
     D:5: 1416 daAuts
     D:2: 1197 daAuts
     D:3: 975 daAuts
     D:6: 913 daAuts
     D:1: 852 daAuts
     D:8: 823 daAuts
     D:9: 766 daAuts
     D:4: 740 daAuts
     D:7: 566 daAuts
 Ossuary: 356 daAuts
  Temple: 143 daAuts
